 Dungeon Sprint DCSS version 0.31-a0-844-gdc52ec4e09 (webtiles) character file.

Game seed: 9641737413277025719

34414 sircluck the Brawler (level 13, -7/152 (157) HPs)
             Began as a Troll Berserker on Sept 29, 2023.
             Was a High Priest of Trog.
             Killed by divine providence
             ... invoked by a sphinx
              (9 damage)
             ... in the Dungeon (Sprint VII: "The Pits").
             The game lasted 00:09:48 (2962 turns).

sircluck the Brawler (Troll Berserker)              Turns: 2962, Time: 00:09:49

HP:   -7/152 (157)  AC:  6    Str: 32    XL:     13   Next: 42%
MP:   0/21          EV: 16    Int:  3    God:    Trog [*****.]
Gold: 45            SH:  0    Dex: 12    Spells: 12/12 levels left

rFire   x .          .
                       - Unarmed
rCold   + . .        (no shield)
rNeg    . . .        o - +0 troll leather armour
rPois   .            (helmet restricted)
rElec   .            (no cloak)
rCorr   .            (gloves unavailable)
SInv    .            (boots unavailable)
Will    .....        w - amulet of guardian spirit
Stlth   +            x - ring "Efraf" {Ice MP+9 Slay+2}
HPRegen 2.05/turn    l - +3 ring of dexterity
MPRegen 0.17/turn

%: no teleportation, guardian spirit
@: on berserk cooldown, slowed, lightly drained, very slow
A: large, unfitting armour, claws 3, regeneration 1, shaggy fur 1, tough skin 1
a: Renounce Religion, Berserk, Trog's Hand, Brothers in Arms


You were in the Dungeon.
You worshipped Trog.
Trog was extremely pleased with you.
You visited 1 branch You collected 45 gold pieces.

Inventory:

Missiles
 g - 5 large rocks
 n - 2 boomerangs
 s - 6 silver javelins
 v - 4 poisoned darts
Armour
 a - a +0 animal skin
 o - a +0 troll leather armour (worn)
Jewellery
 k - a +3 ring of evasion
 l - a +3 ring of dexterity (right claw)
 t - a ring of see invisible
 u - a ring of protection from cold
 w - an amulet of guardian spirit (around neck)
 x - the ring "Efraf" (left claw) {Ice MP+9 Slay+2}
   (You took it off a vampire knight in the Dungeon)

   [ring of ice]

   Ice:       It enhances your ice magic.
   Slay+2:    It affects your accuracy & damage with ranged weapons and melee
   (+2).
   rF-:       It makes you vulnerable to fire.
   rC+:       It protects you from cold.
   MP+9:      It affects your magic capacity (+9).
 y - the amulet of the Durable Orange {RegenMP rCorr}
   (You found it in the Dungeon)

   [amulet of magic regeneration]

   RegenMP:   It increases your rate of magic regeneration.
   rCorr:     It protects you from acid and corrosion.
Wands
 z - a wand of paralysis (8)
Scrolls
 i - 3 scrolls of vulnerability
 j - a scroll of butterflies
 p - 2 scrolls of fear
 q - 2 scrolls of identify
 r - 6 scrolls of enchant weapon
Potions
 b - 5 potions of curing
 c - 15 potions of heal wounds
 d - 3 potions of haste
 e - 4 potions of magic
 f - 4 potions of berserk rage
 h - a potion of invisibility
 m - a potion of mutation


   Skills:
 + Level 17.6 Fighting
 + Level 8.8 Armour
 + Level 17.4 Dodging
 + Level 20.4 Unarmed Combat


You had 12 spell levels left.
You didn't know any spells.
Your spell library was empty.

Dungeon Overview and Level Annotations

Branches:
Dungeon (1/1)

Altars:
Ashenzari
Cheibriados
Dithmenos
Elyvilon
Fedhas
Gozag
Hepliaklqana
Kikubaaqudgha
Makhleb
Nemelex Xobeh
Okawaru
Qazlal
Ru
Sif Muna
Trog
Uskayaw
Vehumet
Wu Jian
Xom
Yredelemnul
Zin
The Shining One
Jiyva
Lugonu

Annotations:
D Boris


Innate Abilities, Weirdness & Mutations

You are too large for most types of armour.
You have claws for hands.
Your natural rate of healing is unusually fast.
You are covered in fur. (AC +1)
You have tough skin. (AC +1)


Message History

You feel much better.
The sphinx shouts!
The sphinx casts a spell.
Something smites you! Something hits you but does no damage.
Deactivating autopickup; reactivate with Ctrl-A.
Something barely misses you.
Unknown command.
Unknown command.
Your deep troll goes berserk!
Something touches you.
You feel drained.
The deep elf high priest calls down the wrath of its god upon you.
Something smites you! Something hits you. Something touches you!
* * * LOW HITPOINT WARNING * * *
Something barely misses you. Something hits you!
* * * LOW HITPOINT WARNING * * *
Something touches you but does no damage.
The white draconian breathes frost at you.
The blast of cold hits something.
The blast of cold hits you! You resist.
* * * LOW HITPOINT WARNING * * *
The blast of cold hits your deep troll!!
A deep elf high priest comes into view. It is wielding a +0 short sword.
You feel much better.
The deep elf high priest shouts!
Something touches you!
* * * LOW HITPOINT WARNING * * *
You feel drained.
* * * LOW HITPOINT WARNING * * *
A yellow draconian comes into view. It is wielding a +0 battleaxe.
The yellow draconian annihilator spits acid at you.
The glob of acid hits your deep troll! The acid corrodes your deep troll!
The acid splashes onto you!
You are splashed with acid!
* * * LOW HITPOINT WARNING * * *
Something hits you!
* * * LOW HITPOINT WARNING * * *
Something touches you but does no damage.
Something touches you!
* * * LOW HITPOINT WARNING * * *
The sphinx casts a spell.
Something smites you!
You die...

..................#
...)............q.#
++##############..#
#..# #..# #..# #..#
#T.# #@.# #..# #d.#
#He# #))# #)'# de.#
...# ....#


You could see a yellow draconian, a white draconian (catching breath), a sphinx
(empowered), a yellow draconian annihilator (catching breath, ally target), 2
deep elf high priests and a friendly deep troll (summoned, berserk, corroded).

Vanquished Creatures
  A death cob (D)
  A fire giant (D)
  2 nagarajas (D)
  An emperor scorpion (D)
  2 angels (D)
  An ettin (D)
  A catoblepas (D)
  A death knight (D)
  3 death yaks (D)
  2 spriggans (D)
  A deep troll (D)
  A large abomination (D)
  A sea snake (D)
  A deep elf zephyrmancer (D)
  A lindwurm (D)
  A phantasmal warrior (D)
  2 orc sorcerers (D)
  A cyclops (D)
  A wolf spider (D)
  A manticore (D)
  An ugly thing (D)
  A rust devil (D)
  An elephant (D)
  An eye of devastation (D)
  A smoke demon (D)
  A cane toad (shapeshifter) (D)
  A cane toad (D)
  An unseen horror (D)
  A rime drake (D)
  A freezing wraith (D)
  A komodo dragon (D)
  A polar bear (D)
  A troll (D)
  A hornet (D)
  Grinder (D)
  A tarantella (D)
  3 blink frogs (D)
  A flying skull (D)
  A ynoxinul (D)
  A wyvern (D)
  A basilisk (D)
  A fire bat (D)
  A warg (D)
  A floating eye (D)
  4 hell hounds (D)
  2 sky beasts (D)
  An ice beast (D)
  A centaur (D)
  2 necrophages (D)
  3 scorpions (D)
  A gnoll sergeant (D)
  A killer bee (D)
  A gnoll bouda (D)
  2 orc priests (D)
  2 iguanas (D)
  An orc wizard (D)
  A hell rat (D)
  8 gnolls (D)
  An adder (D)
  A white imp (D)
  An orc (D)
  A bat (D)
  An endoplasm (D)
  4 hobgoblins (D)
  2 frilled lizards (D)
  A rat (D)
94 creatures vanquished.

Vanquished Creatures (collateral kills)
  A nagaraja (D)
  A balrug (D)
  An emperor scorpion (D)
  A spriggan defender (D)
  A vampire knight (D)
  A merfolk impaler (D)
  A vault guard (D)
  An ogre mage (D)
  A merfolk aquamancer (D)
  A sea snake (D)
  A deep troll (D)
  A bog body (D)
  A wizard (D)
  A lindwurm (D)
  An orc sorcerer (D)
  A naga mage (D)
  5 merfolk (D)
  A troll (D)
  A polar bear (D)
  2 blink frogs (D)
  2 water elementals (D)
  A shadow (D)
  A wyvern (D)
  A hell hound (D)
  A gnoll sergeant (D)
  A jelly (D)
  A hound (D)
  3 gnolls (D)
36 creatures vanquished.

Vanquished Creatures (others)
  A wandering mushroom (D)
1 creature vanquished.

Grand Total: 131 creatures vanquished

Notes
Turn   | Place    | Note
-------+----------+-------------------------------------------
     0 | D        | sircluck the Troll Berserker began the quest for the Orb.
     0 | D        | Reached XP level 1. HP: 22/22 MP: 0/0
    20 | D        | Found a bloodstained altar of Trog.
    20 | D        | Found a shimmering blue altar of Sif Muna.
    20 | D        | Found a viscous altar of Jiyva.
    20 | D        | Found a hazy altar of Hepliaklqana.
    20 | D        | Found an opulent altar of Gozag.
    21 | D        | Found a glowing golden altar of the Shining One.
    21 | D        | Found a glowing silver altar of Zin.
    21 | D        | Found a basalt altar of Yredelemnul.
    21 | D        | Found a shimmering altar of Xom.
    21 | D        | Found an ornate altar of the Wu Jian Council.
    21 | D        | Found a sacrificial altar of Ru.
    21 | D        | Found a stormy altar of Qazlal.
    21 | D        | Found an iron altar of Okawaru.
    21 | D        | Found a sparkling altar of Nemelex Xobeh.
    21 | D        | Found a burning altar of Makhleb.
    21 | D        | Found a blossoming altar of Fedhas.
    21 | D        | Found a white marble altar of Elyvilon.
    21 | D        | Found a shadowy altar of Dithmenos.
    21 | D        | Found a snail-covered altar of Cheibriados.
    25 | D        | Found a corrupted altar of Lugonu.
    25 | D        | Found a radiant altar of Vehumet.
    26 | D        | Found a broken altar of Ashenzari.
    26 | D        | Found an ancient bone altar of Kikubaaqudgha.
    26 | D        | Found a hide-covered altar of Uskayaw.
    60 | D        | Noticed a scorpion
    69 | D        | Killed a scorpion
    69 | D        | Reached ** piety under Trog
    70 | D        | Reached skill level 5 in Unarmed Combat
    70 | D        | Reached XP level 2. HP: 19/33 MP: 1/1
    70 | D        | Reached XP level 3. HP: 23/40 MP: 2/2
   112 | D        | Reached XP level 4. HP: 36/49 MP: 3/3
   128 | D        | Noticed a floating eye
   131 | D        | Killed a floating eye
   131 | D        | Reached *** piety under Trog
   132 | D        | Reached skill level 5 in Fighting
   132 | D        | Reached skill level 5 in Dodging
   132 | D        | Reached skill level 7 in Unarmed Combat
   132 | D        | Reached XP level 5. HP: 46/59 MP: 4/4
   246 | D        | Noticed a sky beast
   257 | D        | Killed a sky beast
   257 | D        | Reached **** piety under Trog
   258 | D        | Reached skill level 8 in Unarmed Combat
   258 | D        | Reached XP level 6. HP: 68/68 MP: 5/5
   266 | D        | Noticed a fire bat
   281 | D        | Reached ***** piety under Trog
   282 | D        | Reached skill level 9 in Unarmed Combat
   290 | D        | Killed a fire bat
   291 | D        | Reached XP level 7. HP: 54/80 MP: 6/6
   349 | D        | Received a gift from Trog
   353 | D        | Noticed Grinder
   363 | D        | Reached skill level 10 in Unarmed Combat
   363 | D        | Killed Grinder
   364 | D        | Reached XP level 8. HP: 86/92 MP: 7/7
   372 | D        | Noticed a smoke demon
   372 | D        | Noticed an orc sorcerer
   374 | D        | Noticed a flying skull
   385 | D        | Killed an orc sorcerer
   386 | D        | Reached skill level 11 in Unarmed Combat
   390 | D        | Killed a flying skull
   390 | D        | Received a gift from Trog
   397 | D        | Killed a smoke demon
   398 | D        | Reached skill level 10 in Fighting
   398 | D        | Reached skill level 10 in Dodging
   495 | D        | Noticed a tarantella
   507 | D        | Killed a tarantella
   508 | D        | Reached skill level 12 in Unarmed Combat
   508 | D        | Reached XP level 9. HP: 102/102 MP: 8/8
   664 | D        | Noticed an elephant
   686 | D        | Killed an elephant
   692 | D        | Reached ****** piety under Trog
   933 | D        | Noticed a deep troll
   933 | D        | Noticed a merfolk impaler
   933 | D        | Noticed a merfolk
   933 | D        | Noticed a merfolk
   933 | D        | Noticed a merfolk
   939 | D        | Killed a merfolk impaler
   940 | D        | Reached skill level 13 in Unarmed Combat
   947 | D        | Killed a merfolk
   948 | D        | Killed a merfolk
   949 | D        | Killed a deep troll
   950 | D        | Reached XP level 10. HP: 47/115 MP: 9/9
   951 | D        | Reached skill level 14 in Unarmed Combat
  1015 | D        | Noticed an orc sorcerer
  1015 | D        | Noticed a spriggan rider
  1027 | D        | Killed a spriggan rider
  1029 | D        | Killed an orc sorcerer
  1098 | D        | Noticed an emperor scorpion
  1112 | D        | Killed an emperor scorpion
  1112 | D        | Received a gift from Trog
  1113 | D        | Reached skill level 15 in Unarmed Combat
  1217 | D        | Noticed a white ugly thing
  1217 | D        | Noticed an eye of devastation
  1239 | D        | Killed an eye of devastation
  1290 | D        | Killed a white ugly thing
  1415 | D        | Noticed a nagaraja
  1425 | D        | Killed a nagaraja
  1425 | D        | Received a gift from Trog
  1426 | D        | Reached XP level 11. HP: 35/127 MP: 10/10
  1537 | D        | Received a gift from Trog
  1627 | D        | Reached skill level 16 in Unarmed Combat
  1642 | D        | Received a gift from Trog
  1797 | D        | Noticed an orc sorcerer
  1797 | D        | Noticed a phantasmal warrior
  1813 | D        | Killed a phantasmal warrior
  1813 | D        | Received a gift from Trog
  1830 | D        | Killed an orc sorcerer
  1921 | D        | Noticed a nagaraja
  1940 | D        | Killed a nagaraja
  1941 | D        | Reached skill level 17 in Unarmed Combat
  2047 | D        | Noticed a large abomination
  2048 | D        | Noticed a lindwurm
  2051 | D        | Noticed a bog body
  2053 | D        | Killed a large abomination
  2053 | D        | Received a gift from Trog
  2060 | D        | Killed a lindwurm
  2061 | D        | Reached skill level 15 in Fighting
  2070 | D        | Reached skill level 15 in Dodging
  2074 | D        | Killed a bog body
  2074 | D        | Received a gift from Trog
  2083 | D        | Noticed a deep troll
  2097 | D        | Killed a deep troll
  2100 | D        | Reached XP level 12. HP: 119/143 MP: 11/11
  2165 | D        | Reached skill level 18 in Unarmed Combat
  2399 | D        | Noticed a spriggan defender
  2402 | D        | Killed a spriggan defender
  2403 | D        | Reached skill level 1 in Armour
  2406 | D        | Identified the ring "Efraf" {Ice MP+9 Slay+2}
  2406 | D        | Noticed a vampire knight
  2406 | D        | Killed a vampire knight
  2406 | D        | Received a gift from Trog
  2409 | D        | Noticed a vault guard
  2410 | D        | Killed a vault guard
  2414 | D        | Noticed a merfolk aquamancer
  2420 | D        | Killed a merfolk aquamancer
  2426 | D        | Got the amulet of the Durable Orange {RegenMP rCorr}
  2471 | D        | Noticed a balrug
  2473 | D        | Killed a balrug
  2479 | D        | Received a gift from Trog
  2480 | D        | Reached skill level 5 in Armour
  2480 | D        | Noticed a death cob
  2485 | D        | Noticed a catoblepas
  2486 | D        | Killed a death cob
  2487 | D        | Reached skill level 19 in Unarmed Combat
  2498 | D        | Killed a catoblepas
  2505 | D        | Noticed a death knight
  2527 | D        | Identified the +4 dagger "No More Talking" {flame, Dex+5}
  2527 | D        | Noticed a nagaraja
  2529 | D        | Noticed an emperor scorpion
  2530 | D        | Killed a death knight
  2530 | D        | Received a gift from Trog
  2541 | D        | Killed an emperor scorpion
  2543 | D        | Killed a nagaraja
  2544 | D        | Reached XP level 13. HP: 36/154 MP: 1/12
  2670 | D        | Noticed an ettin
  2674 | D        | Killed an ettin
  2702 | D        | Noticed a fire giant
  2710 | D        | Killed a fire giant
  2756 | D        | Received a gift from Trog
  2767 | D        | Reached skill level 20 in Unarmed Combat
  2786 | D        | Identified the +4 quarterstaff "Troll's Peril" {antimagic,
                  | Str+4 Int+3}
  2938 | D        | Noticed an angel
  2938 | D        | Noticed an angel
  2938 | D        | Noticed Boris
  2938 | D        | Noticed a white draconian
  2944 | D        | Killed an angel
  2947 | D        | Noticed a yellow draconian annihilator
  2951 | D        | Killed an angel
  2951 | D        | Received a gift from Trog
  2959 | D        | Noticed a sphinx
  2962 | D        | Noticed a yellow draconian
  2962 | D        | HP: 2/152 [something (10)]
  2962 | D        | Killed from afar by a sphinx

Illustrated notes

Levels and vault maps discovered:
D:        pitsprint [storerooms_1, entrance_room_1, metal_vault_6, armoury_1,
          mini_pit_1, grid_room_1, main_hall_1, silver_pit, the_coven_2,
          the_vestibule_1, steel_vault_1, golden_pit, hallway_of_sentries,
          crystal_vault_1, iron_vault_4, final_vault]

Skill      XL: |  1  2  3  4  5  6  7  8  9 10 11 12 13 |
---------------+----------------------------------------+-----
Fighting       | 4 5 6 8 9 10 12 13 15 16 17 | 17.6
Dodging        | 4 5 6 8 10 11 13 15 16 17 | 17.4
Unarmed Combat | 5 7 8 9 10 12 13 15 17 19 20 | 20.4
Armour         | 6 8 |  8.8

Action                     |  1- 3 |  4- 6 |  7- 9 | 10-12 | 13-15 || total
---------------------------+-------+-------+-------+-------+-------++-------
  Melee: Unarmed           |    13 |    38 |    60 |   152 |    42 ||   305
         Punch             |     1 |     1 |     4 |    14 |     8 ||    28
 Invoke: Berserk           |     1 |     1 |     2 |     7 |     2 ||    13
         Brothers in Arms  |       |       |     2 |    11 |     2 ||    15
         Trog's Hand       |       |       |       |     1 |       ||     1
    Use: Potion            |     1 |     1 |       |     9 |     3 ||    14
         Scroll            |       |       |       |     2 |     1 ||     3
   Stab: Distracted        |       |       |       |     1 |       ||     1
 Armour: Animal skin       |    16 |    36 |    39 |   127 |       ||   218
         Troll leather arm |       |       |       |    30 |    46 ||    76
  Dodge: Dodged            |     5 |    17 |    31 |   191 |    16 ||   260

Table legend: (Time is in decaauts)
 A = Elapsed time spent in this place.
 B = Non-inter-level travel time spent in this place.
 C = Inter-level travel time spent in this place.
 D = Time resting spent in this place.
 E = Time spent auto-exploring this place.
 F = Levels seen in this place.
 G = Mean time per level.
                   A        B        C        D        E       F      G
               +--------+--------+--------+--------+--------+-----+--------+
         Total |   3014 |   2811 |    203 |   1375 |    207 |   1 | 3014.0 |
       Dungeon |   3014 |   2811 |    203 |   1375 |    207 |   1 | 3014.0 |
               +--------+--------+--------+--------+--------+-----+--------+

Top non-repeatable levels by time:
       D: 3014 daAuts
